Cogmind - Beta 12 @@@ ROGUE MODE // 2023.09.23 @ 12:47:02 Player: Antsan Result: Destroyed by P-70 Sage with Tesla Rifle Performance ------------- Evolutions (3) 1500 Regions Visited (4) 800 Robots Destroyed (50) 250 Value Destroyed (1617) 1617 Prototype IDs (0) 0 Alien Tech Used (0) 0 Bonus (0) 0 TOTAL SCORE: 4167 Bonus ------- None Cogmind --------- Core Integrity 0/700 Matter 300/300 Energy 100/100 System Corruption 7% Temperature Cool (0) Movement Core (50) Location -7/Factory Parts ------- > --- POWER (2) -------- (None) > --- PROPULSION (3) --- (None) > --- UTILITY (5) ------ Advanced Terrain Scan Processor Core Analyzer > --- WEAPON (3) ------- (None) > --- INVENTORY (5) ---- Seismic Detector Seismic Detector Microactuators Recalibrator Peak State ------------ > --- POWER ------------ (None) > --- PROPULSION ------- Titanium Leg VTOL Module VTOL Module > --- UTILITY ---------- Advanced Terrain Scan Processor Seismic Detector Core Analyzer Energy Filter Recalibrator > --- WEAPON ----------- Gatling Laser > --- INVENTORY -------- Carbon-fiber Leg Seismic Detector Seismic Detector Seismic Detector Microactuators [Rating: 29] Favorites ----------- Power Ion Engine Engine Ion Engine Power Core Light Nuclear Core Propulsion Aluminum Leg Treads Light Treads Leg Aluminum Leg Wheel Compact Wheel Flight Unit VTOL Module Utility Small Storage Unit Device Improved Heat Sink Storage Small Storage Unit Processor Signal Interpreter Protection Core Shielding Weapon Spread Laser Energy Gun Spread Laser Ballistic Gun Assault Rifle Build | -11 -10 -9 -8 -7 ------- Run | Jun Mat Mat Mat Fac Slots Evolved 6 | . . 2 2 2 Power 1 | . . 1 . . Propulsion 1 | . . . 1 . Utility 3 | . . 1 1 1 Weapon 1 | . . . . 1 Parts Attached 78 | 7 15 14 23 19 Power 11 | 1 4 3 3 . Engine 9 | 1 4 3 1 . Core 2 | . . . 2 . Reactor . | . . . . . Propulsion 30 | 3 4 4 12 7 Treads 7 | 1 . 2 3 1 Leg 15 | . 2 2 9 2 Wheel 5 | 2 2 . . 1 Hover . | . . . . . Flight 3 | . . . . 3 Utility 21 | 1 3 4 4 9 Device 15 | . 3 4 2 6 Storage 1 | 1 . . . . Processor 4 | . . . 1 3 Hackware . | . . . . . Protection 1 | . . . 1 . Artifact . | . . . . . Weapon 16 | 2 4 3 4 3 Energy Gun 12 | 2 4 2 2 2 Energy Cannon . | . . . . . Ballistic Gun 4 | . . 1 2 1 Ballistic Cannon . | . . . . . Launcher . | . . . . . Special Weapon . | . . . . . Impact Weapon . | . . . . . Slashing Weapon . | . . . . . Piercing Weapon . | . . . . . Special Melee Weapon . | . . . . . Unidentified Prototypes . | . . . . . Parts Lost 43 | . 4 8 15 16 Power 9 | . 2 3 3 1 Propulsion 15 | . 1 2 6 6 Utility 10 | . . 1 4 5 Weapon 9 | . 1 2 2 4 Highest Loss Streak 8 | . 2 3 8 8 To Critical Strikes . | . . . . . Average Slot Usage (%) 83 | . 98 87 87 48 Engine 9 | . 14 13 6 . Core 1 | . . . 3 1 Treads 2 | . . 7 2 . Leg 10 | . 6 7 22 5 Wheel 8 | . 21 5 . . Flight 1 | . . . . 7 Device 13 | . 13 20 9 11 Storage 9 | . 14 11 8 . Processor 4 | . . . 8 11 Protection 1 | . . . 6 1 Energy Gun 16 | . 27 17 9 5 Ballistic Gun 3 | . . 4 8 . Naked Turns 13 | . . . . 13 Heaviest Build 24 | 13 24 20 24 14 Greatest Support 40 | 26 32 40 38 32 Greatest Overweight (x) 2 | . 1 . 2 2 Average Overweight (x) . | . . . . . Largest Inventory Capacity 8 | 8 8 8 8 5 Average Capacity 7 | 6 8 8 7 5 Most Carried 8 | 6 8 8 8 5 Average Carried 6 | 2 7 6 6 3 Final Capacity 8 | 8 8 8 5 5 Final Carried 8 | 6 8 8 4 4 Class Distribution -------------------- 55% | Mutant 39% | Scavenger-Mutant 4% | Sprinter Dominant Class ---------------- Mutant | -10/Materials Scavenger-Mutant | -9/Materials Scavenger-Mutant | -8/Materials Mutant | -7/Factory Resources | -11 -10 -9 -8 -7 ----------- Run | Jun Mat Mat Mat Fac Matter Collected 1103 | 172 195 204 411 121 Remotely . | . . . . . Salvage Created 1618 | . 271 551 543 253 Parts 98 | . 22 36 28 12 Haulers Intercepted . | . . . . . Recyclers Shooed . | . . . . . Parts Field Recycled 9 | . 9 . . . Retrieved Matter 53 | . 53 . . . Parts Self-Destructed . | . . . . . Prevented . | . . . . . Kills | -11 -10 -9 -8 -7 ------- Run | Jun Mat Mat Mat Fac Combat Hostiles Destroyed 44 | . 10 16 12 6 Melee 2 | . . . . 2 Guns 40 | . 10 16 12 2 AOE 1 | . . . . 1 Classes Destroyed 11 | . 5 1 3 2 Worker 1 | . 1 . . . Tunneler 1 | . . . . 1 Operator 1 | . 1 . . . Watcher 3 | . 1 2 . . Swarmer 12 | . 3 6 . 3 Grunt 20 | . 7 6 7 . Brawler 1 | . . . 1 . Duelist 1 | . . . 1 . Sentry 7 | . . 4 2 1 Hunter 2 | . . . 1 1 Programmer 1 | . . . . 1 Best Kill Streak 5 | . 3 4 5 3 Combat Bots Only 5 | . 3 4 5 3 Max Kills in Single Turn 2 | . 1 2 1 1 Gunslinging 1 | . . 1 . . Exploded 1 | . . . . 1 Melee 1 | . . . . 1 Uniques/NPCs Destroyed . | . . . . . Combat | -11 -10 -9 -8 -7 -------- Run | Jun Mat Mat Mat Fac Damage Taken 4489 | . 491 877 1605 1516 Core 1144 | . 84 138 218 704 Absorbed by Shields . | . . . . . Redirected to Shielding 40 | . . . 26 14 Core Remaining (%) 72 | 100 66 65 60 . Volleys Fired 190 | . 44 67 62 17 Largest 3 | . 2 2 2 3 Hottest 150 | . 130 115 88 150 Shots Fired 336 | . 75 116 123 22 Gun 336 | . 75 116 123 22 Cannon . | . . . . . Launcher . | . . . . . Special . | . . . . . Kinetic 86 | . . 20 62 4 Thermal 250 | . 75 96 61 18 Explosive . | . . . . . Electromagnetic . | . . . . . Robot Hit Streak 23 | . 8 14 23 8 Robot Miss Streak 9 | . 9 5 3 4 Penetration Max . | . . . . . Secondary Targets 5 | . . 1 4 . Max Gunslinging Chain 1 | . . 1 1 . Shots Hit Robots 258 | . 64 78 101 15 Core Hits 157 | . 53 37 35 32 Critical Kills . | . . . . . Critical Parts Destroyed . | . . . . . Critical Strikes 2 | . . 2 . . Burn 2 | . . 2 . . Melee Attacks . | . . . . . Impact . | . . . . . Slashing . | . . . . . Piercing . | . . . . . Sneak Attacks . | . . . . . Combat Hostiles . | . . . . . Follow-up Attacks . | . . . . . Damage Inflicted 3165 | . 553 914 1262 436 Guns 3036 | . 553 914 1262 307 Cannons . | . . . . . Explosions . | . . . . . Melee . | . . . . . Ramming 129 | . . . . 129 Kinetic 854 | . . 194 635 25 Thermal 2182 | . 553 720 627 282 Explosive . | . . . . . Electromagnetic . | . . . . . Impact . | . . . . . Slashing . | . . . . . Piercing . | . . . . . Highest Corruption 7 | . . . 7 6 Average Corruption 4 | . . . 6 3 Corruption Purged . | . . . . . Corruption Blocked . | . . . . . Effects 2 | . . . 1 1 Matter Fused 1 | . . . . 1 Data Loss (minor) 1 | . . . 1 . Overload Shots . | . . . . . Overflow Damage . | . . . . . Projectiles . | . . . . . Explosions . | . . . . . Melee . | . . . . . Knockbacks . | . . . . . Impact . | . . . . . Kinetic . | . . . . . Secondary . | . . . . . Self-Inflicted Damage 43 | . . . . 43 Shots . | . . . . . Rammed 35 | . . . . 35 Targets Rammed 62 | . . . . 62 Kicked 27 | . . . . 27 Crushed . | . . . . . Highest Temperature 303 | . 303 15 97 86 Average Temperature 39 | . 48 4 27 38 Received Heat Transfer 1191 | . 189 255 603 144 Siege Activations . | . . . . . Robots Corrupted . | . . . . . Combat Hostiles . | . . . . . Parts Fried . | . . . . . Impact Corruptions . | . . . . . Robots Melted 1 | . . . . 1 Combat Hostiles 1 | . . . . 1 Parts Melted 4 | . . . 2 2 Heat Transferred 4632 | . 768 1816 1462 586 Parts Sabotaged . | . . . . . Parts Stolen . | . . . . . Parts Stripped . | . . . . . Power Chain Reactions . | . . . . . Missiles Intercepted . | . . . . . Alert | -11 -10 -9 -8 -7 ------- Run | Jun Mat Mat Mat Fac Peak Influence 340 | . 235 340 241 129 Initial 115 | . . 76 115 59 Average 128 | . 99 185 164 72 Maximum Alert Level 1 | . 1 1 1 . Low Security (%) 77 | 100 90 56 62 100 Level 1 22 | . 9 43 37 . Level 2 . | . . . . . Level 3 . | . . . . . Level 4 . | . . . . . Level 5 . | . . . . . High Security . | . . . . . Max Security . | . . . . . Squads Dispatched 7 | . 2 2 1 2 Investigation 2 | . 2 . . . Extermination 1 | . . . . 1 Reinforcement 4 | . . 2 1 1 Assault . | . . . . . Garrison . | . . . . . Intercept . | . . . . . Searches Triggered . | . . . . . Construction Impeded . | . . . . . Haulers Reinforced . | . . . . . Active Scanning Responses . | . . . . . Cargo Convoy Interrupts . | . . . . . Stealth | -11 -10 -9 -8 -7 --------- Run | Jun Mat Mat Mat Fac Distress Signals 6 | . 3 2 1 . Communications Jammed . | . . . . . Distress Signals . | . . . . . Times Spotted 78 | . 22 26 20 10 Peak Tracking Total 8 | . 7 5 8 3 Tactical Retreats 6 | . 5 . 1 . Traps | -11 -10 -9 -8 -7 ------- Run | Jun Mat Mat Mat Fac Traps Triggered 3 | . 3 . . . Indirectly . | . . . . . Trap Hack Attempts . | . . . . . Triggered . | . . . . . Disarmed . | . . . . . Reprogrammed . | . . . . . Reused . | . . . . . Traps Extracted . | . . . . . Installed . | . . . . . Triggered . | . . . . . Machines | -11 -10 -9 -8 -7 ---------- Run | Jun Mat Mat Mat Fac Machines Disabled . | . . . . . Max in Single Turn . | . . . . . Machines Repaired . | . . . . . Machines Sabotaged . | . . . . . Overloaded Fab Kills . | . . . . . Hacking | -11 -10 -9 -8 -7 --------- Run | Jun Mat Mat Mat Fac Machines Accessed 7 | . 3 2 1 1 Terminals 4 | . 3 1 . . Fabricators . | . . . . . Repair Stations . | . . . . . Recycling Units 3 | . . 1 1 1 Scanalyzers . | . . . . . Garrison Access . | . . . . . Total Hacks 20 | . 10 8 1 1 Successful 6 | . 1 3 1 1 Failed 14 | . 9 5 . . Catastrophic 2 | . 2 . . . Database Lockouts . | . . . . . Manual 6 | . . 6 . . Terminals 17 | . 10 7 . . Fabricators . | . . . . . Repair Stations . | . . . . . Recycling Units 3 | . . 1 1 1 Scanalyzers . | . . . . . Garrison Access . | . . . . . Terminal Hacks 3 | . 1 2 . . Alert Level 1 | . . 1 . . Locate Traps 2 | . 1 1 . . Fabricator Hacks . | . . . . . Repair Station Hacks . | . . . . . Recycling Unit Hacks 3 | . . 1 1 1 Report Inventory 3 | . . 1 1 1 Scanalyzer . | . . . . . Garrison Access Hacks . | . . . . . Unauthorized Hacks . | . . . . . Terminals . | . . . . . Fabricators . | . . . . . Repair Stations . | . . . . . Recycling Units . | . . . . . Scanalyzers . | . . . . . Garrison Access . | . . . . . Data Cores Recovered . | . . . . . Used . | . . . . . Hacking Detections 6 | . 3 2 1 . Full Trace Events 3 | . 3 . . . Feedback Events . | . . . . . Feedback Blocked . | . . . . . Robot Schematics Acquired . | . . . . . Robots Built . | . . . . . Authchips . | . . . . . Time . | . . . . . Total Robot Build Rating . | . . . . . Part Schematics Acquired . | . . . . . Parts Built . | . . . . . Authchips . | . . . . . Time . | . . . . . Total Part Build Rating . | . . . . . Parts Repaired . | . . . . . Time . | . . . . . Parts Recycled . | . . . . . Recycled Matter . | . . . . . Retrieved Matter . | . . . . . Retrieved Components . | . . . . . Parts Scanalyzed . | . . . . . Part Schematics Acquired . | . . . . . Parts Damaged . | . . . . . Bothacking | -11 -10 -9 -8 -7 ------------ Run | Jun Mat Mat Mat Fac Used RIF Installer . | . . . . . Robots Hacked . | . . . . . Non-combat . | . . . . . Combat . | . . . . . Robot Hacks Applied . | . . . . . Relay Couplers Released . | . . . . . Fabnet Peak Effective % . | . . . . . Robots Rewired . | . . . . . Allies Hacked . | . . . . . Hacks Repelled . | . . . . . Allies | -11 -10 -9 -8 -7 -------- Run | Jun Mat Mat Mat Fac Total Allies . | . . . . . Largest Group . | . . . . . Highest-Rated Group . | . . . . . Highest-Rated Ally . | . . . . . Total Orders . | . . . . . Ally Attacks . | . . . . . Total Damage . | . . . . . Kills . | . . . . . Allies Corrupted . | . . . . . Allies Melted . | . . . . . Intel | -11 -10 -9 -8 -7 ------- Run | Jun Mat Mat Mat Fac Robot Analysis Total . | . . . . . Derelict Logs Recovered . | . . . . . Drone Launches . | . . . . . Drone Recoveries . | . . . . . Exploration | -11 -10 -9 -8 -7 ------------- Run | Jun Mat Mat Mat Fac Turns Passed 2305 | 63 709 621 485 427 Spaces Moved 1488 | 47 503 321 194 423 Core 44 | 2 . . 2 40 Treads 79 | 7 . 70 2 . Legs 553 | . 126 150 190 87 Wheels 521 | 38 377 101 . 5 Hover . | . . . . . Flight 291 | . . . . 291 Fastest Speed 32 | 50 90 100 120 32 Average Speed 96 | 99 100 122 121 61 Slowest Speed 190 | 160 120 160 190 150 Overloaded Moves . | . . . . . Propulsion Burnouts . | . . . . . Robots Hopped . | . . . . . Cave-ins Triggered . | . . . . . Exploration Rate (%) 21 | 4 47 27 18 10 Regions Visited 4 Branch Regions . Pre-discovered Areas . | . . . . . Known Exits Taken . | . . . . . Unknown Exits Taken 4 | 1 1 1 1 . Scrap Searched . | . . . . . Spaces Dug . | . . . . . Terrain Destroyed . | . . . . . Melee . | . . . . . Projectile . | . . . . . AOE . | . . . . . Terrain Rammed . | . . . . . Walls Destroyed . | . . . . . Machines Disabled . | . . . . . Actions | -11 -10 -9 -8 -7 --------- Run | Jun Mat Mat Mat Fac Total 1984 | 59 627 431 315 552 Wait 138 | . 61 21 33 23 Move 1484 | 46 502 320 193 423 Hop . | . . . . . Pick Up 22 | 5 3 7 1 6 Fast Attach 31 | 7 6 2 6 10 Attach 22 | . 3 7 6 6 Detach 2 | 1 . . . 1 Swap 25 | . 6 5 11 3 Drop 8 | . 2 2 3 1 Fire 190 | . 44 67 62 17 Melee . | . . . . . Ram 35 | . . . . 35 Kick 27 | . . . . 27 Crush . | . . . . . Escape Stasis . | . . . . . Rewire . | . . . . . Trap . | . . . . . Miscellaneous . | . . . . . Route ------- -11/Junkyard -10/Materials (discovered 2 exits: *Mat / [*Min]) -9/Materials -8/Materials (discovered 2 exits: *Fac / *Sto) -7/Factory (discovered 2 exits: [*Fac] / [*Low]) History --------- Turn | Location | Event 41 | -11/Junkyard | Discovered new exit (range 15) 64 | -11/Junkyard | Entered Materials 309 | -10/Materials | Build established: Mutant 486 | -10/Materials | Discovered new exit (range 9) 748 | -10/Materials | Discovered new exit (range 15) 773 | -10/Materials | Entered another Materials area 773 | -9/Materials | Evolved 2 slots: Power x1, Utility x1 1126 | -9/Materials | Lost 3 parts (2p1u) 1363 | -9/Materials | Discovered new exit (range 16) 1394 | -9/Materials | Entered another Materials area 1394 | -8/Materials | Evolved 2 slots: Propulsion x1, Utility x1 1472 | -8/Materials | Build established: Scavenger-Mutant 1510 | -8/Materials | Lost 4 parts (1p2n1u) 1570 | -8/Materials | Discovered new exit (range 14) 1718 | -8/Materials | Identified exit to Storage 1837 | -8/Materials | Discovered new exit (range 8) 1879 | -8/Materials | Entered Factory 1879 | -7/Factory | Evolved 2 slots: Utility x1, Weapon x1 1909 | -7/Factory | Lost 8 parts (4n3u1w) 1996 | -7/Factory | Lost 7 parts (1p2n1u3w) 2048 | -7/Factory | Discovered new exit (range 5) 2220 | -7/Factory | Discovered new exit (range 5) 2292 | -7/Factory | Core integrity fell below 50% 2302 | -7/Factory | Core integrity fell below 20% 2306 | -7/Factory | Destroyed by P-70 Sage with Tesla Rifle Last Messages --------------- Seismic Detector destroyed. Slammed into H-55 Commando. VTOL Module destroyed. Slammed into H-55 Commando. Slug penetrates Wall. Slammed into H-55 Commando. Penetrated by Slug. Slammed into H-55 Commando. Subcomponent Replicator disabled. Slammed into H-55 Commando. H-55 Commando destroyed. Slammed into P-70 Sage. Target Analyzer destroyed. Slammed into P-70 Sage. Seismic Detector destroyed. Slammed into P-70 Sage. Destabilizing: Core damaged (-28). Slammed into P-70 Sage. Destabilizing: System corrupted (+1). Slammed into P-70 Sage. Map ----- +----------------------------------------------------+ | ?????????????????????????????????????????????????? | | ?????????????????????????????????????????????????? | | ?????????????????????????????????????????????????? | | ?????????????????????????????????????????????????? | | ?????????????????????????????????????????????????? | | ?????????????????????????????????????????????????? | | ?????????????????????????????????????????????????? | | ?????????????????????????????????????????????????? | | ?????????????????????????????????????????????????? | | ????????????? ?????????????????????????????????? | | ????????????? ???????????????????????????????? | | ????????????? #??????????????????????????????? | | ????????????# #??????????????????????????????? | | ????????????# #??????????????????????????????? | | ????????????+ #??????????????????????????????? | | ????????????# #??????????????????????????????? | | ????????????# #??????????????????????????????? | | ????????????# #??????????????????????????????? | | ????????????# #??????????????????????????????? | | ????????????# #??????????????????????????????? | | ????????????# # ?????????????????????????????? | | ###?????????# + ?????????????????????????????? | | #?????????# # ????????????????????????????? | | #?????????#!^ ##+########????????????????????? | | ###########%= # %Y%p%%%#????????????????????? | | # ! #! # ""%%@%!#????????????????????? | | ### # # """%"%%%#????????????????????? | | # # # "T%%""%%#????????????????????? | | # + + """%"""%#????????????????????? | | # ! # < # "" """%#????????????????????? | | # # # t """%#????????????????????? | | # # # ! %%#????????????????????? | | ### # ###############????????????????????? | | #?###+####### #??????????????????????????????????? | | #???# #?????# #??????????????????????????????????? | | #???# #?????# #??????????????????????????????????? | | #???# #?????# #??????????????????????????????????? | | #####|###### #?????????????????????????????????? | | =% = +?????????????????????????????????? | | ## ######### #?????????????????????????????????? | | # #????????# ???????????????????????????????????? | | # #????????? ???????????????????????????????????? | | # #????????? ???????????????????????????????????? | | # #####????? ???????????????????????????????????? | | # #?????????????????????????????????????????? | | # #?????????????????????????????????????????? | | + #?????????????????????????????????????????? | | # #?????????????????????????????????????????? | | # #?????????????????????????????????????????? | | # #?????????????????????????????????????????? | +----------------------------------------------------+ Best States ------------- Heat Dissipation 52 Energy Generation 21 Energy Capacity 325 Matter Stores 300 Matter Capacity 300 Sight Range 16 Terrain Scan Density 210 Core Shielding 20 Evasion (%) 63 Target Analysis 5 Core Analysis 6 Recoil Reduction 2 Energy Filtering 30 Item Schematics ----------------- None Robot Schematics ------------------ None Fabricated ------------ Nothing Alien Tech Used ----------------- None Achievements -------------- None Challenges ------------ None Game ------ Seed NeutronPulseFilter Manual? 0 Play Time 00:40:38 Cumulative 9.5 hours Start 2023.09.23 @ 11:11:58 End 2023.09.23 @ 12:47:02 Sessions 1 Manual Loads 0 Difficulty Rogue Special Mode None Game No. 14 Rogue 14 Adventurer 0 Explorer 0 Win Type - Total 0 Types 0/0/0/0/0/0/0/0/0 Lore% 16 Gallery% 13 Achievement% 13 Wizard Run 0 Options --------- ASCII 1 Keyboard 0 Movement Numpad Keybinds 0 Fullscreen 2 Font 18/CogNarrow Map View 76x50 Tactical HUD 0 Map Filters NONE Filters NONE Steam 1 RUN: 671a34ba-d33c-408d-8206-f6a0b51fb588